Workbook

Sheet SUMMARY
A1: CRYPTO PORTFOLIO SUMMARY - EXAMPLE
A2: 46132
A3: Updated: April 20, 2026 | All figures pull live from platform tabs — edit platform tabs to update - For Educational Purposes only
A4: Platform | B4: Date Started | C4: Deposited ($) | D4: Active Capital ($) | E4: Crypto Held | F4: Profit ($) | G4: ROI % | H4: Days Running | I4: Daily Avg ($) | J4: Daily % | K4: Daily Current ($) | L4: Transferred Out ($) | M4: Withdrawn to Wallet ($) | N4: Withdrawal goal / Current Withdrawal
A5: 🤖 TRADING BOTS
A6: AURUM | B6: =AURUM!B5 -> 46068 | C6: =AURUM!C18 -> 5908.11 | D6: =AURUM!E18 -> 8491.67 | F6: =AURUM!G18 -> 3393.4634 | G6: =AURUM!H18 -> 0.57437377 | H6: =AURUM!I18 -> 64 | I6: =AURUM!J18 -> 92.458052 | J6: =AURUM!K18 -> 0.015649345 | K6: =AURUM!M18 -> 96.331818 | L6: =AURUM!L18 -> 1793.14 | M6: =AURUM!N18 -> 100 | N6: =-M6 -> -100
A7: DSJ | B7: =DSJ!B5 -> 46096 | C7: =DSJ!C6 -> 5000 | D7: =DSJ!D6 -> 9018.19 | F7: =DSJ!E6 -> 4018.19 | G7: =DSJ!F6 -> 0.803638 | H7: =DSJ!G6 -> 36 | I7: =DSJ!H6 -> 111.61639 | J7: =DSJ!I6 -> 0.022323278 | K7: =DSJ!J6 -> 111 | L7: =DSJ!K6 -> 0 | M7: =DSJ!L6 -> 0 | N7: =-M7 -> 0
A8: MEGAPRO | B8: =MEGAPRO!B5 -> 46103 | C8: =MEGAPRO!C6 -> 4918 | D8: =MEGAPRO!D6 -> 6868 | F8: =MEGAPRO!E6 -> 1950 | G8: =MEGAPRO!H6 -> 0.43310289 | H8: =MEGAPRO!I6 -> 29 | I8: =MEGAPRO!J6 -> 73.448276 | J8: =MEGAPRO!K6 -> 0.014934582 | K8: =MEGAPRO!L6 -> 206 | L8: =MEGAPRO!M6 -> 0 | M8: =MEGAPRO!N6 -> 180 | N8: =-M8 -> -180
A9: QUANTRO | B9: =QUANTRO!B5 -> 46099 | C9: =QUANTRO!C6 -> 2525 | D9: =QUANTRO!E6 -> 4467 | F9: =QUANTRO!F6 -> 1941.75 | G9: =QUANTRO!H6 -> 0.7690099 | H9: =QUANTRO!I6 -> 33 | I9: =QUANTRO!J6 -> 58.840909 | J9: =QUANTRO!K6 -> 0.02330333 | K9: =QUANTRO!L6 -> 78.17 | L9: =QUANTRO!M6 -> 0 | M9: =QUANTRO!N6 -> 45 | N9: =-M9 -> -45
A10: Total Withdrawn | M10: =SUM(M6:M9) -> 325 | N10: =SUM(N6:N9) -> -325
A11: TRADING BOTS TOTAL | C11: =SUM(C6:C9) -> 18351.11 | D11: =SUM(D6:D9) -> 28844.86 | F11: =SUM(F6:F9) -> 11303.403 | G11: =IFERROR(F11/C11,"") -> 0.61595203 | H11: 64 | I11: =SUM(I6:I9) -> 336.36363 | J11: =IFERROR(I11/C11,"") -> 0.018329334 | K11: =SUM(K6:K9) -> 491.50182 | L11: =SUM(L6:L9) -> 1793.14 | M11: =SUM(M6:M9) -> 325 | N11: =C11*1.5 -> 27526.665
A12: ⚡ ARBCORE ARBITRAGE (crypto-native — qty × live price)
A13: Arbcore — USDT | B13: =ARBCORE!B6 -> 46091 | C13: =ARBCORE!C6 -> 1042.29 | D13: =ARBCORE!I6 -> 1233.7 | F13: =ARBCORE!J6 -> 435.41 | G13: =ARBCORE!K6 -> 0.41774362 | H13: =ARBCORE!L6 -> 41 | I13: =ARBCORE!M6 -> 10.619756 | J13: =ARBCORE!N6 -> 0.010188869 | K13: =ARBCORE!O6 -> 13 | L13: =ARBCORE!P6 -> 0 | M13: =ARBCORE!Q6 -> 244 | N13: =-M13 -> -244
A14: Arbcore — ETH | B14: =ARBCORE!B7 -> 46114 | C14: =ARBCORE!C7 -> 2245 | D14: =ARBCORE!I7 -> 3796.8573 | E14: =ARBCORE!F7 -> 1.6631 | F14: =ARBCORE!J7 -> 1551.8573 | G14: =ARBCORE!K7 -> 0.69125047 | H14: =ARBCORE!L7 -> 18 | I14: =ARBCORE!M7 -> 86.214294 | J14: =ARBCORE!N7 -> 0.038402804 | K14: =ARBCORE!O7 -> 86.214294 | L14: =ARBCORE!P7 -> 0 | M14: =ARBCORE!Q7 -> 0 | N14: =-M14 -> 0
A15: Arbcore — SOL | B15: =ARBCORE!B9 -> 46113 | C15: =ARBCORE!C9 -> 1987 | D15: =ARBCORE!I9 -> 2979.5474 | E15: =ARBCORE!F9 -> 35.2234 | F15: =ARBCORE!J9 -> 992.54741 | G15: =ARBCORE!K9 -> 0.49952059 | H15: =ARBCORE!L9 -> 19 | I15: =ARBCORE!M9 -> 52.239337 | J15: =ARBCORE!N9 -> 0.026290557 | K15: =ARBCORE!O9 -> 52.239337 | L15: =ARBCORE!P9 -> 0 | M15: =ARBCORE!Q9 -> 0 | N15: =-M15 -> 0
A16: Arbcore — XRP ⚡ | B16: =ARBCORE!B10 -> 46122 | C16: =ARBCORE!C10 -> 6900 | D16: =ARBCORE!I10 -> 9272.634 | E16: =ARBCORE!F10 -> 6623.31 | F16: =ARBCORE!J10 -> 2372.634 | G16: =ARBCORE!K10 -> 0.34386 | H16: =ARBCORE!L10 -> 10 | I16: =ARBCORE!M10 -> 237.2634 | J16: =ARBCORE!N10 -> 0.034386 | K16: =ARBCORE!O10 -> 256.2 | L16: =ARBCORE!P10 -> 0 | M16: =ARBCORE!Q10 -> 0 | N16: =-M16 -> 0
A17: Arbcore — BTC ⏳ | B17: =ARBCORE!B8 -> 46129 | C17: =ARBCORE!C8 -> 4116.35 | D17: =ARBCORE!I8 -> 6228.337 | E17: =ARBCORE!F8 -> 0.08352 | F17: =ARBCORE!J8 -> 297.39712 | G17: =ARBCORE!K8 -> 0.072247774 | H17: =ARBCORE!L8 -> 3 | I17: =ARBCORE!M8 -> 99.132375 | J17: =ARBCORE!N8 -> 0.024082591 | L17: =ARBCORE!P8 -> 0 | M17: =ARBCORE!Q8 -> 0 | N17: =-M17 -> 0
A18: Arbcore — Affiliate USDT 🤝 | B18: =ARBCORE!B11 -> 46122 | C18: =ARBCORE!C11 -> 0 | D18: =ARBCORE!I11 -> 82.2232 | F18: =ARBCORE!J11 -> 3878.3 | G18: % | H18: =ARBCORE!L11 -> 10 | J18: =ARBCORE!N11 | L18: =ARBCORE!P11 -> 2946.0768 | M18: =ARBCORE!Q11 -> 850 | N18: =-M18 -> -850
A19: Total Withdrawn | L19: =SUM(L13:L18) -> 2946.0768 | M19: =SUM(M13:M18) -> 1094 | N19: =SUM(N13:N18) -> -1094
A20: ARBCORE TOTAL | C20: =SUM(C13:C18) -> 16290.64 | D20: =SUM(D13:D18) -> 23593.299 | F20: =SUM(F13:F18) -> 9528.1458 | G20: =IFERROR(F20/C20,"") -> 0.58488468 | H20: 20 | I20: =SUM(I13:I18) -> 485.46916 | J20: =IFERROR(I20/C20,"") -> 0.029800497 | K20: =SUM(K13:K18) -> 407.65363 | L20: =SUM(L13:L18) -> 2946.0768 | M20: =SUM(M13:M18) -> 1094 | N20: =C20*1.5 -> 24435.96
A21: PORTFOLIO TOTAL | C21: =C11+C20 -> 34641.75 | D21: =D11+D20 -> 52438.159 | F21: =F11+F20 -> 20831.549 | G21: =IFERROR(F21/C21,"") -> 0.60134229 | H21: =H11 -> 64 | I21: =I11+I20 -> 821.83279 | J21: =IFERROR(I21/C21,"") -> 0.023723767 | K21: =K20+K11 -> 899.15545 | L21: =L11+L20 -> 4739.2168 | M21: =M11+M20 -> 1419 | N21: =N20+N11 -> 51962.625
A22: Remaining to Withdraw before goal | N22: =N21+N19+N10 -> 50543.625
A23: 💡 Sort by Daily % (col I) to compare platform performance — redeploy from lowest to highest performers
A25: ⚠ IMPORTANT — FOR INFORMATIONAL PURPOSES ONLY: The information and calculations contained in this spreadsheet are believed to be reliable but NO representations or warranties of any kind are made as to the accuracy, completeness, timeliness, or fitness for any particular purpose. Results may contain errors. Formulas and values may have been entered manually and have not been independently verified. All figures are estimates only and actual results will vary. Past performance of any platform does not guarantee future results. Participation in AI trading platforms or cryptocurrency investments involves substantial risk, including the complete loss of principal. This spreadsheet does not constitute financial, legal, tax, or investment advice. Only invest funds you are fully prepared to lose entirely. | CONFIDENTIALITY: This spreadsheet is intended solely for the personal use of the recipient. It may NOT be copied, forwarded, shared, distributed, or transmitted to any third party without express written permission. Unauthorized sharing is strictly prohibited.

Sheet ARBCORE
A1: ARBCORE — ARBITRAGE PORTFOLIO
A2: =SUMMARY!A2 -> 46132
A3: Crypto qty × live price = current value | Prices pull from PRICES tab | Blue = input | Black = formula | Green = cross-sheet link
A4: Update qty (col D) when Arbcore shows new balance. No hard $ goal — idle capital: any return beats holding.
A5: Asset | B5: Date Started | C5: Deposited (USD) | D5: Deposited # | E5: Additional Deposited | F5: Current Qty | G5: Total Increase | H5: Price (USD) | I5: Current Value ($) | J5: Profit ($) | K5: ROI % | L5: Days Running | M5: Daily Avg ($) | N5: Daily % | O5: Daily Current ($) | P5: Transferred Out ($) | Q5: Withdrawn ($) | R5: Notes
A6: USDT | B6: 46091 | C6: 1042.29 | D6: 1042.29 | F6: 1233.7 | G6: =F6-C6+Q6 -> 435.41 | H6: =PRICES!B10 -> 1 | I6: =IFERROR(F6*H6,"") -> 1233.7 | J6: =G6 -> 435.41 | K6: =IFERROR(J6/C6,"") -> 0.41774362 | L6: =IF(B6="","",TODAY()-B6) -> 41 | M6: =IFERROR(J6/L6,"") -> 10.619756 | N6: =IFERROR(M6/C6,"") -> 0.010188869 | O6: 13 | Q6: 244 | R6: Live Apr 16: $1,235.46 USDT ✓ | Coinbase USDC → Arbcore | $193.17 arb profit sending to wallet
A7: ETH | B7: 46114 | C7: 2245 | D7: 1.1898 | F7: 1.6631 | G7: =F7-D7 -> 0.4733 | H7: =PRICES!B6 -> 2283 | I7: =IFERROR(F7*H7,"") -> 3796.8573 | J7: =IFERROR(I7-C7,"") -> 1551.8573 | K7: =IFERROR(J7/C7,"") -> 0.69125047 | L7: =IF(B7="","",TODAY()-B7) -> 18 | M7: =IFERROR(J7/L7,"") -> 86.214294 | N7: =IFERROR(M7/C7,"") -> 0.038402804 | O7: =M7 -> 86.214294 | R7: Live Apr 16: 1.5391 ETH = $3,620.78 ✓ | Aurum Neobank → Arbcore Apr 2
A8: BTC ⏳ | B8: 46129 | C8: 4116.35 | D8: 0.053287 | E8: =0.006964+0.007682+0.011599 -> 0.026245 | F8: 0.08352 | G8: =F8-D8-E8 -> 0.003988 | H8: =PRICES!B5 -> 74573 | I8: =IFERROR(F8*H8,"") -> 6228.337 | J8: =IFERROR(G8*H8,"") -> 297.39712 | K8: =IFERROR(J8/C8,"") -> 0.072247774 | L8: =IF(B8="","",TODAY()-B8) -> 3 | M8: =IFERROR(J8/L8,"") -> 99.132375 | N8: =IFERROR(M8/C8,"") -> 0.024082591 | O8: =M8 -> 99.132375 | R8: Started Bitcoin - have purchased and added additional bitcoin
A9: SOL | B9: 46113 | C9: 1987 | D9: 24.546 | F9: 35.2234 | G9: =F9-D9 -> 10.6774 | H9: =PRICES!B7 -> 84.59 | I9: =IFERROR(F9*H9,"") -> 2979.5474 | J9: =IFERROR(I9-C9,"") -> 992.54741 | K9: =IFERROR(J9/C9,"") -> 0.49952059 | L9: =IF(B9="","",TODAY()-B9) -> 19 | M9: =IFERROR(J9/L9,"") -> 52.239337 | N9: =IFERROR(M9/C9,"") -> 0.026290557 | O9: =M9 -> 52.239337 | R9: Live Apr 16: 32.6489 SOL = $2,792.13 ✓ | Aurum Neobank → Arbcore Mar 31
A10: XRP ⚡ | B10: 46122 | C10: 6900 | D10: 5082 | F10: 6623.31 | G10: =F10-D10 -> 1541.31 | H10: =PRICES!B8 -> 1.4 | I10: =IFERROR(F10*H10,"") -> 9272.634 | J10: =IFERROR(I10-C10,"") -> 2372.634 | K10: =IFERROR(J10/C10,"") -> 0.34386 | L10: =IF(B10="","",TODAY()-B10) -> 10 | M10: =IFERROR(J10/L10,"") -> 237.2634 | N10: =IFERROR(M10/C10,"") -> 0.034386 | O10: =183*PRICES!B8 -> 256.2 | R10: Live Apr 16: 5,841.86 XRP = $8,237.03 ✓ | Coinbase XRP Apr 10-11
A11: Affiliate USDT 🤝 | B11: 46122 | C11: 0 | F11: 82.2232 | H11: =PRICES!B10 -> 1 | I11: =IFERROR(F11*H11,"") -> 82.2232 | J11: 3878.3 | K11: =IFERROR(J11/C11,"") | L11: =IF(B11="","",TODAY()-B11) -> 10 | M11: =IFERROR(J11/L11,"") -> 387.83 | N11: =IFERROR(M11/C11,"") | P11: =J11-Q11-I11 -> 2946.0768 | Q11: =650+200 -> 850 | R11: COMMISSION INCOME — separate wallet | $3,712.28 total earned from 2 partners | Distributed: $1,100→MegaPro + $650+$200 partner withdrawals | Balance: $1,762.28
A12: ARBCORE TOTAL | C12: =SUM(C6:C11) -> 16290.64 | I12: =SUM(I6:I11) -> 23593.299 | J12: =SUM(J6:J11) -> 9528.1458 | K12: =IFERROR(J12/C12,"") -> 0.58488468 | L12: 15 | M12: =IFERROR(SUM(M6:M10),"") -> 485.46916 | N12: =IFERROR(M12/C12,"") -> 0.029800497 | O12: =SUM(O6:O11) -> 506.78601 | P12: =SUM(P6:P11) -> 2946.0768 | Q12: =SUM(Q6:Q11) -> 1094
A14: ⚠ IMPORTANT — FOR INFORMATIONAL PURPOSES ONLY: The information and calculations contained in this spreadsheet are believed to be reliable but NO representations or warranties of any kind are made as to the accuracy, completeness, timeliness, or fitness for any particular purpose. Results may contain errors. Formulas and values may have been entered manually and have not been independently verified. All figures are estimates only and actual results will vary. Past performance of any platform does not guarantee future results. Participation in AI trading platforms or cryptocurrency investments involves substantial risk, including the complete loss of principal. This spreadsheet does not constitute financial, legal, tax, or investment advice. Only invest funds you are fully prepared to lose entirely. | CONFIDENTIALITY: This spreadsheet is intended solely for the personal use of the recipient. It may NOT be copied, forwarded, shared, distributed, or transmitted to any third party without express written permission. Unauthorized sharing is strictly prohibited.

Sheet AURUM
A1: AURUM
A2: =SUMMARY!A2 -> 46132
A3: Blue = manual input | Black = formula | Green = cross-sheet link
A4: Strategy / Bot | B4: Date Started | C4: Deposited ($) | D4: Crypto # | E4: Active Capital ($) | F4: Current / Final Crypto # | G4: Profit ($) | H4: ROI % | I4: Days Running | J4: Daily Avg ($) | K4: Daily % | L4: Transferred Out ($) | M4: Current Daily ($) | N4: Withdrawn to Wallet ($) | O4: Crypto Transferred out | P4: Notes
A5: Aurum XAI Bot | B5: 46068 | C5: 6055 | E5: 8052.37 | G5: 1996.68 | H5: =IFERROR(G5/C5,"") -> 0.32975723 | I5: =IF(B5="","",TODAY()-B5) -> 64 | J5: =IFERROR(G5/I5,"") -> 31.198125 | K5: =IFERROR(J5/C5,"") -> 0.0051524566 | L5: 17.84 | M5: 45 | N5: 50 | P5: Main Aurum AI bot | ~$34/day | Update active capital weekly -
A6: Zexi AI ⟳ | B6: 46088 | C6: 300 | E6: 400 | G6: =IF(OR(C6="",E6=""),"",E6-C6) -> 100 | H6: =IFERROR(G6/C6,"") -> 0.33333333 | I6: =IF(B6="","",TODAY()-B6) -> 44 | J6: =IFERROR(G6/I6,"") -> 2.2727273 | K6: =IFERROR(J6/C6,"") -> 0.0075757576 | M6: =J6 -> 2.2727273 | P6: $100 CB USDC Mar 7 + $200 Uphold TRON Mar 26 | ERC20: 0xA7223aeC...5466D
A7: Affiliate Income | B7: 46088 | C7: 0 | E7: 39.3 | G7: =IF(OR(C7="",E7=""),"",E7-C7) -> 39.3 | H7: =IFERROR(G7/C7,"") | I7: =IF(B7="","",TODAY()-B7) -> 44 | J7: =IFERROR(G7/I7,"") -> 0.89318182 | K7: =IFERROR(J7/C7,"") | M7: =J7 -> 0.89318182 | P7: $100 CB USDC Mar 7 + $200 Uphold TRON Mar 26 | ERC20: 0xA7223aeC...5466D
A8: AURUM TOTAL - SubTotal Current | C8: =SUM(C5:C7) -> 6355 | E8: =SUM(E5:E7) -> 8491.67 | G8: =SUM(G5:G7) -> 2135.98 | H8: =IFERROR(G8/C8,"") -> 0.33611015 | I8: =I5 -> 64 | J8: =SUM(J5:J7) -> 34.364034 | K8: =IFERROR(J8/C8,"") -> 0.0054074011 | L8: =SUM(L5:L7) -> 17.84 | M8: =SUM(M5:M7) -> 48.165909 | N8: =SUM(N5:N7) -> 50 | O8: =SUM(O5:O7) -> 0
A10: Aurum NeoBank
A12: LTC/USDT Bot ⟳ | B12: 46079 | C12: 1004 | F12: =C12+G12 -> 1154 | G12: 150 | H12: =IFERROR(G12/C12,"") -> 0.14940239 | I12: 27 | J12: =IFERROR(G12/I12,"") -> 5.5555556 | K12: =IFERROR(J12/C12,"") -> 0.0055334219 | L12: 465 | P12: RESTARTED Apr 8 (stopped Mar 25) | $633.34 USDT in trading
A13: SOL Bot ⟳ | B13: 46073 | C13: =1497.78+220.01 -> 1717.79 | D13: =18.32+2.56 -> 20.88 | F13: 24.546336 | G13: =(F13-D13)*PRICES!B7 -> 310.13534 | H13: =IFERROR(G13/C13,"") -> 0.18054322 | I13: 40 | J13: =IFERROR(G13/I13,"") -> 7.7533836 | K13: =IFERROR(J13/C13,"") -> 0.0045135806 | O13: 24.546336 | P13: Transferred 24.54 SOL to Arbcore 4/1/2026
A14: Cycle 2 LTC/USDT Bot ⟳ | B14: 46120 | C14: 625.21 | F14: 1292.46 | G14: 17.25 | H14: =IFERROR(G14/C14,"") -> 0.02759073 | I14: =IF(B14="","",TODAY()-B14) -> 12 | J14: =IFERROR(G14/I14,"") -> 1.4375 | K14: =IFERROR(J14/C14,"") -> 0.0022992275 | L14: 1292.46 | P14: RESTARTED Apr 8 (stopped Mar 25) | $633.34 USDT in trading Cashed out $642 4/17/26 sent to Safepal combined withother for Bitcoin Deposit into Arbcor
A15: BTC/USDT Bot ⟳ | B15: 46079 | C15: 500 | D15: =C15/PRICES!B5 -> 0.0067048396 | F15: 0.01212583 | G15: =(F15-D15)*PRICES!B5 -> 404.25952 | H15: =IFERROR(G15/C15,"") -> 0.80851904 | I15: 45 | J15: =IFERROR(G15/I15,"") -> 8.9835449 | K15: =IFERROR(J15/C15,"") -> 0.01796709 | O15: =F15 -> 0.01212583 | P15: RESTARTED Apr 8 | 0.01198304 BTC (~$1,007 at $84K), Cashed out 4/17/26 and sent to Safepal
A16: Eth Bot ⟳ | B16: 46067 | C16: =138.04+992.03+931.04 -> 2061.11 | D16: =0.0662+0.478+0.481 -> 1.0252 | F16: 1.1898249 | G16: =(F16-D16)*PRICES!B6 -> 375.83858 | H16: =IFERROR(G16/C16,"") -> 0.18234766 | I16: 42 | J16: =IFERROR(G16/I16,"") -> 8.9485375 | K16: =IFERROR(J16/C16,"") -> 0.0043416108 | O16: 1.1898249 | P16: Transferred to Arbcore 4/1/2026
A18: AURUM TOTAL | C18: =SUM(C12:C17) -> 5908.11 | E18: =E8 -> 8491.67 | G18: =SUM(G12:G16)+G8 -> 3393.4634 | H18: =IFERROR(G18/C18,"") -> 0.57437377 | I18: =I5 -> 64 | J18: =SUM(J5:J15) -> 92.458052 | K18: =IFERROR(J18/C18,"") -> 0.015649345 | L18: =SUM(L5:L15) -> 1793.14 | M18: =SUM(M5:M16) -> 96.331818 | N18: =SUM(N5:N15) -> 100 | O18: =C18+G18 -> 9301.5734 | P18: Deposits and Profits of NeoBank Transferred to Arbcore
A20: ⚠ IMPORTANT — FOR INFORMATIONAL PURPOSES ONLY: The information and calculations contained in this spreadsheet are believed to be reliable but NO representations or warranties of any kind are made as to the accuracy, completeness, timeliness, or fitness for any particular purpose. Results may contain errors. Formulas and values may have been entered manually and have not been independently verified. All figures are estimates only and actual results will vary. Past performance of any platform does not guarantee future results. Participation in AI trading platforms or cryptocurrency investments involves substantial risk, including the complete loss of principal. This spreadsheet does not constitute financial, legal, tax, or investment advice. Only invest funds you are fully prepared to lose entirely. | CONFIDENTIALITY: This spreadsheet is intended solely for the personal use of the recipient. It may NOT be copied, forwarded, shared, distributed, or transmitted to any third party without express written permission. Unauthorized sharing is strictly prohibited.

Sheet DSJ
A1: DSJ
A2: =SUMMARY!A2 -> 46132
A3: Blue = manual input | Black = formula | Green = cross-sheet link
A4: Strategy / Bot | B4: Date Started | C4: Deposited ($) | D4: Active Capital ($) | E4: Profit ($) | F4: ROI % | G4: Days Running | H4: Daily Avg ($) | I4: Daily % | J4: Current Daily ($) | K4: Transferred Out ($) | L4: Withdrawn to Wallet ($) | M4: Notes
A5: DSJ Wealth | B5: 46096 | C5: 5000 | D5: 9018.19 | E5: =IF(OR(C5="",D5=""),"",D5-C5) -> 4018.19 | F5: =IFERROR(E5/C5,"") -> 0.803638 | G5: =IF(B5="","",TODAY()-B5) -> 36 | H5: =IFERROR(E5/G5,"") -> 111.61639 | I5: =IFERROR(H5/C5,"") -> 0.022323278 | J5: 111 | M5: CONFIRMED: Uphold TRON 5,004.51 USDT Mar 15 | Dashboard Apr 16: $8,553.59 | ~$111/day | Referrals paid: on $500 JM + $500 MJ+ $500 LA
A6: DSJ TOTAL | C6: =SUM(C5) -> 5000 | D6: =SUM(D5) -> 9018.19 | E6: =SUM(E5) -> 4018.19 | F6: =IFERROR(E6/C6,"") -> 0.803638 | G6: =SUM(G5) -> 36 | H6: =SUM(H5) -> 111.61639 | I6: =IFERROR(H6/C6,"") -> 0.022323278 | J6: =SUM(J5) -> 111 | K6: =SUM(K5) -> 0 | L6: =SUM(L5) -> 0
A8: ⚠ IMPORTANT — FOR INFORMATIONAL PURPOSES ONLY: The information and calculations contained in this spreadsheet are believed to be reliable but NO representations or warranties of any kind are made as to the accuracy, completeness, timeliness, or fitness for any particular purpose. Results may contain errors. Formulas and values may have been entered manually and have not been independently verified. All figures are estimates only and actual results will vary. Past performance of any platform does not guarantee future results. Participation in AI trading platforms or cryptocurrency investments involves substantial risk, including the complete loss of principal. This spreadsheet does not constitute financial, legal, tax, or investment advice. Only invest funds you are fully prepared to lose entirely. | CONFIDENTIALITY: This spreadsheet is intended solely for the personal use of the recipient. It may NOT be copied, forwarded, shared, distributed, or transmitted to any third party without express written permission. Unauthorized sharing is strictly prohibited.

Sheet MEGAPRO
A1: MEGAPRO
A2: =SUMMARY!A2 -> 46132
A3: Blue = manual input | Black = formula | Green = cross-sheet link
A4: Strategy / Bot | B4: Date Started | C4: Deposited ($) | D4: Active Capital ($) | E4: Profit ($) | F4: Account Balance (available for Withdrawl) | G4: Total Profit | H4: ROI % | I4: Days Running | J4: Daily Avg ($) | K4: Daily % | L4: Current Daily ($) | M4: Transferred Out ($) | N4: Withdrawn to Wallet ($) | O4: Notes
A5: MegaPro AI | B5: 46103 | C5: 4918 | D5: 6868 | E5: =IF(OR(C5="",D5=""),"",D5-C5) -> 1950 | F5: 0 | G5: =E5+F5+N5 -> 2130 | H5: =IFERROR(G5/C5,"") -> 0.43310289 | I5: =IF(B5="","",TODAY()-B5) -> 29 | J5: =IFERROR(G5/I5,"") -> 73.448276 | K5: =IFERROR(J5/C5,"") -> 0.014934582 | L5: 206 | N5: 180 | O5: Uphold ERC20 $510 + Coinbase $4,408 | GOLD plan ends ~Apr 20 | $1,100 received from Arbcore Affiliate Apr 15 | Update active capital after cycle . Sent 180 as a test withdrawal, new cycle started 4/20/26
A6: MEGAPRO TOTAL | C6: =SUM(C5) -> 4918 | D6: =SUM(D5) -> 6868 | E6: =SUM(E5) -> 1950 | F6: =F5 -> 0 | G6: =G5 -> 2130 | H6: =IFERROR(G6/C6,"") -> 0.43310289 | I6: =SUM(I5) -> 29 | J6: =SUM(J5) -> 73.448276 | K6: =IFERROR(J6/C6,"") -> 0.014934582 | L6: =L5 -> 206 | M6: =SUM(M5) -> 0 | N6: =SUM(N5) -> 180
A8: ⚠ IMPORTANT — FOR INFORMATIONAL PURPOSES ONLY: The information and calculations contained in this spreadsheet are believed to be reliable but NO representations or warranties of any kind are made as to the accuracy, completeness, timeliness, or fitness for any particular purpose. Results may contain errors. Formulas and values may have been entered manually and have not been independently verified. All figures are estimates only and actual results will vary. Past performance of any platform does not guarantee future results. Participation in AI trading platforms or cryptocurrency investments involves substantial risk, including the complete loss of principal. This spreadsheet does not constitute financial, legal, tax, or investment advice. Only invest funds you are fully prepared to lose entirely. | CONFIDENTIALITY: This spreadsheet is intended solely for the personal use of the recipient. It may NOT be copied, forwarded, shared, distributed, or transmitted to any third party without express written permission. Unauthorized sharing is strictly prohibited.

Sheet QUANTRO
A1: QUANTRO
A2: =SUMMARY!A2 -> 46132
A3: Blue = manual input | Black = formula | Green = cross-sheet link
A4: Strategy / Bot | B4: Date Started | C4: Deposited ($) | D4: Membership | E4: Active Capital ($) | F4: Profit ($) | G4: Quantro Wallet | H4: ROI % | I4: Days Running | J4: Daily Avg ($) | K4: Daily % | L4: Current Daily ($) | M4: Transferred Out ($) | N4: Withdrawn to Wallet ($) | O4: Notes
A5: Quantro | B5: 46099 | C5: 2525 | D5: 100 | E5: 4467 | F5: 1941.75 | G5: 71 | H5: =IFERROR(F5/C5,"") -> 0.7690099 | I5: =IF(B5="","",TODAY()-B5) -> 33 | J5: =IFERROR(F5/I5,"") -> 58.840909 | K5: =IFERROR(J5/C5,"") -> 0.02330333 | L5: 78.17 | N5: 45 | O5: CONFIRMED: Uphold TRON 2,654.86 USDT Mar 18 | Dashboard Apr 16: $1,636.01 earned | $4,286.01 reinvested | ~$70/day | Withdraw target: Jun 18 2026 , did two test withdrawals 4/16/26 both sucuessful
A6: QUANTUM TOTAL | C6: =SUM(C5) -> 2525 | D6: =D5 -> 100 | E6: =SUM(E5) -> 4467 | F6: =SUM(F5) -> 1941.75 | G6: =G5 -> 71 | H6: =IFERROR(F6/C6,"") -> 0.7690099 | I6: =SUM(I5) -> 33 | J6: =SUM(J5) -> 58.840909 | K6: =IFERROR(J6/C6,"") -> 0.02330333 | L6: =L5 -> 78.17 | M6: =SUM(M5) -> 0 | N6: =SUM(N5) -> 45
A8: ⚠ IMPORTANT — FOR INFORMATIONAL PURPOSES ONLY: The information and calculations contained in this spreadsheet are believed to be reliable but NO representations or warranties of any kind are made as to the accuracy, completeness, timeliness, or fitness for any particular purpose. Results may contain errors. Formulas and values may have been entered manually and have not been independently verified. All figures are estimates only and actual results will vary. Past performance of any platform does not guarantee future results. Participation in AI trading platforms or cryptocurrency investments involves substantial risk, including the complete loss of principal. This spreadsheet does not constitute financial, legal, tax, or investment advice. Only invest funds you are fully prepared to lose entirely. | CONFIDENTIALITY: This spreadsheet is intended solely for the personal use of the recipient. It may NOT be copied, forwarded, shared, distributed, or transmitted to any third party without express written permission. Unauthorized sharing is strictly prohibited.

Sheet PRICES
A1: LIVE CRYPTO PRICES
A2: =SUMMARY!A2 -> 46132
A3: Update prices here — all Arbcore values recalculate automatically | Or use Excel 365: Data → Stocks for live feed
A4: Asset | B4: Price (USD) | C4: Last Updated | D4: Source
A5: BTC | B5: 74573 | C5: 46132 | D5: Arbcore Apr 16 — update manually | E5: https://coinmarketcap.com/currencies/bitcoin/
A6: ETH | B6: 2283 | C6: 46132 | D6: Derived: $3,620.78 / 1.5391 ETH | E6: Cryptocurrency Prices, Charts And Market Capitalizations | CoinMarketCap
A7: SOL | B7: 84.59 | C7: 46132 | D7: Derived: $2,792.13 / 32.6489 SOL
A8: XRP | B8: 1.4 | C8: 46132 | D8: Derived: $8,237.03 / 5,841.86 XRP
A9: LTC | B9: 54.83 | C9: 46132 | D9: Estimate — update manually
A10: USDT | B10: 1 | C10: 46132 | D10: Stablecoin — always $1.00
A12: ⚠ IMPORTANT — FOR INFORMATIONAL PURPOSES ONLY: The information and calculations contained in this spreadsheet are believed to be reliable but NO representations or warranties of any kind are made as to the accuracy, completeness, timeliness, or fitness for any particular purpose. Results may contain errors. Formulas and values may have been entered manually and have not been independently verified. All figures are estimates only and actual results will vary. Past performance of any platform does not guarantee future results. Participation in AI trading platforms or cryptocurrency investments involves substantial risk, including the complete loss of principal. This spreadsheet does not constitute financial, legal, tax, or investment advice. Only invest funds you are fully prepared to lose entirely. | CONFIDENTIALITY: This spreadsheet is intended solely for the personal use of the recipient. It may NOT be copied, forwarded, shared, distributed, or transmitted to any third party without express written permission. Unauthorized sharing is strictly prohibited.

Sheet DEPOSIT LOG
A1: DEPOSIT & TRANSFER LOG
A2: DEPOSIT = new money in | TRANSFER = between platforms (internal) | WITHDRAWAL = back to personal wallet
A3: Date | B3: Type | C3: From | D3: To / Platform | E3: Asset | F3: Amount | G3: USD Value | H3: Confirmed | I3: Notes / TX Hash
A4: 46068 | B4: DEPOSIT | C4: Wallet | D4: Aurum | E4: USD | F4: 6355 | G4: 6355 | H4: YES | I4: Initial Aurum XAI bot deposit — multiple sources incl Coinbase
A5: 46088 | B5: DEPOSIT | C5: Wallet | D5: Zexi AI | E5: USDC | F5: 100.12 | G5: 100.12 | H5: YES | I5: CONFIRMED: CB USDC $100.12 → Zexi AI | ERC20:
A6: 46089 | B6: DEPOSIT | C6: Wallet | D6: Neobank/Aurum | E6: TON | F6: 501 | G6: 501 | H6: YES | I6: TON $501 → LTC/USDT Neobank bot
A7: 46091 | B7: DEPOSIT | C7: Wallet | D7: Arbcore USDT | E7: USDC | F7: 1042.29 | G7: 1042.29 | H7: YES | I7: Wallet USDC Mar 1-7 → Arbcore USDT position
A8: 46096 | B8: DEPOSIT | C8: Wallet | D8: DSJ | E8: USDT | F8: 5004.51 | G8: 5000 | H8: YES | I8: CONFIRMED: TRON 5,004.51 USDT → DSJ $5,000
A9: 46099 | B9: DEPOSIT | C9: Wallet | D9: Quantum | E9: USDT | F9: 2654.86 | G9: 2650 | H9: YES | I9: CONFIRMED: Uphold TRON 2,654.86 USDT → Quantum $2,650
A10: 46103 | B10: DEPOSIT | C10: Wallet | D10: MegaPro | E10: USDC | F10: 4918 | G10: 4918 | H10: YES | I10: Wallet ERC20 $510 + Coinbase $4,408 → MegaPro
A11: 46107 | B11: DEPOSIT | C11: Wallet | D11: Zexi AI | E11: USDT | F11: 201.16 | G11: 200 | H11: YES | I11: CONFIRMED: Uphold TRON 201.16 USDT → Zexi AI | TRON:
A12: 46107 | B12: DEPOSIT | C12: Wallet | D12: FAILED | E12: USDT | F12: 250 | G12: 250 | H12: NO | I12: FAILED $250 deposit attempt Mar 26 — did not go through
A13: 46113 | B13: TRANSFER | C13: Aurum Neobank | D13: Arbcore SOL | E13: SOL | F13: 32.6489 | G13: 1987 | H13: YES | I13: Internal: SOL from Neobank → Arbcore | 32.6489 SOL
A14: 46114 | B14: TRANSFER | C14: Aurum Neobank | D14: Arbcore ETH | E14: ETH | F14: 1.5391 | G14: 2245 | H14: YES | I14: Internal: ETH from Neobank → Arbcore | 1.5391 ETH
A15: 46120 | B15: DEPOSIT | C15: Restart | D15: LTC/USDT Bot | E15: USDT | F15: 633.34 | G15: 633.34 | H15: YES | I15: RESTARTED LTC/USDT bot ~Apr 8 (stopped Mar 25)
... A21: 46127 | B21: TRANSFER | C21: Arbcore Affiliate - other | D21: Wallet | E21: BTC | F21: 0.0469 | G21: 3612.45 | H21: YES | I21: Internal transfer: Affiliate commissions → ARBCORE to Wallet
A22: 46129 | B22: TRANSFER | C22: Wallet | D22: Arbcore | E22: BTC | F22: =ARBCORE!F8 -> 0.08352 | G22: =ARBCORE!C8 -> 4116.35 | H22: YES | I22: Internal transfer: Affiliate commissions → ARBCORE to wallet combined with other
A24: ⚠ IMPORTANT — FOR INFORMATIONAL PURPOSES ONLY: The information and calculations contained in this spreadsheet are believed to be reliable but NO representations or warranties of any kind are made as to the accuracy, completeness, timeliness, or fitness for any particular purpose. Results may contain errors. Formulas and values may have been entered manually and have not been independently verified. All figures are estimates only and actual results will vary. Past performance of any platform does not guarantee future results. Participation in AI trading platforms or cryptocurrency investments involves substantial risk, including the complete loss of principal. This spreadsheet does not constitute financial, legal, tax, or investment advice. Only invest funds you are fully prepared to lose entirely. | CONFIDENTIALITY: This spreadsheet is intended solely for the personal use of the recipient. It may NOT be copied, forwarded, shared, distributed, or transmitted to any third party without express written permission. Unauthorized sharing is strictly prohibited.
